 Dungeon Crawl Stone Soup version 0.20-a0-268-gb6bde61 (webtiles) character file.

4085 KristoblXynda the Grappler (level 10, -7/77 HPs)
             Began as a Ghoul Monk on Dec 6, 2016.
             Was a Priest of Ashenzari.
             Killed by divine providence
             ... invoked by an orc priest
              (9 damage)
             ... on level 8 of the Dungeon on Dec 7, 2016.
             The game lasted 00:23:15 (6742 turns).

KristoblXynda the Grappler (Ghoul Monk)             Turns: 6742, Time: 00:23:16

Health: -7/77      AC:  8    Str: 16    XL:     10   Next: 25%
Magic:  9/9        EV: 16    Int:  8    God:    Ashenzari [***...]
Gold:   571        SH: 10    Dex: 11    Spells: 9/9 levels left

rFire  . . .     SeeInvis +       - Unarmed
rCold  + . .     Gourm    .     t - +2 robe {MR+} (curse)
rNeg   + + +     Faith    .     c - +0 shield (curse)
rPois  ∞         Spirit   .     n - +1 helmet (curse)
rElec  .         Reflect  .     o - +1 cloak
rCorr  .         Harm     .     (no gloves)
MR     +....                    (no boots)
Stlth  +++.......               (no amulet)
                                q - +3 ring of evasion (curse)
                                e - +3 ring of slaying (curse)

@: rotting
A: rotting body, claws 1, carnivore 3, cold resistance 1, negative energy
resistance 3, slow regeneration 1, torment resistance, unbreathing
a: Curse Item, Scrying, Renounce Religion


You were on level 8 of the Dungeon.
You worshipped Ashenzari.
Ashenzari was most pleased with you.
You were hungry.

You visited 2 branches of the dungeon, and saw 9 of its levels.
You also visited: Sewer.

You collected 571 gold pieces.

Inventory:

Hand Weapons
 d - a +4 scythe of protection
 u - a +3 scimitar of flaming
Armour
 c - a cursed +0 shield (worn)
 n - a cursed +1 helmet (worn)
 o - a +1 cloak (worn)
 t - a cursed +2 robe of magic resistance (worn)
 B - the +0 leather armour of Valiance {rC+++ rCorr Int-2}
   (You found it on level 6 of the Dungeon)

   It affects your intelligence (-2).
   It renders you almost immune to cold.
   It protects you from acid and corrosion.
Jewellery
 e - a cursed +3 ring of slaying (left claw)
 q - a cursed +3 ring of evasion (right claw)
 z - an uncursed ring of resist corrosion
Wands
 y - a wand of disintegration (7/24)
 C - a wand of confusion (27/48)
 E - a wand of iceblast (0/15)
Scrolls
 a - 3 scrolls of fear
 p - 3 scrolls of teleportation
 v - a scroll of fog
 D - a scroll of enchant armour
Potions
 g - a potion of cancellation
 h - 4 potions of magic
 i - a potion of haste
 j - 2 potions of cure mutation
 l - 4 potions of ambrosia
 m - 2 potions of curing
 r - a potion of flight {unknown}
 s - 5 potions of brilliance {unknown}
 w - 2 potions of lignification {unknown}
 x - 2 potions of agility {unknown}
Comestibles
 b - 7 meat rations
 f - 3 beef jerkies
 k - 15 chunks of flesh
 A - a slice of pizza


   Skills:
 - Level 3.2 Fighting
 + Level 0.0 Long Blades
 - Level 2.6 Armour
 - Level 6.1 Dodging
 - Level 7.3 Stealth
 + Level 6.1(8.1) Shields
 + Level 10.5 Unarmed Combat


You had 9 spell levels left.
You didn't know any spells.

Dungeon Overview and Level Annotations

Branches:
Dungeon (8/15)             Temple (1/1) D:6
   Lair: D:8-11

Altars:
Ashenzari
Dithmenos
Elyvilon
Fedhas
Gozag
Kikubaaqudgha
Makhleb
Nemelex Xobeh
Okawaru
Qazlal
Ru
Sif Muna
Trog
Vehumet
Xom
Zin
The Shining One
Lugonu

Annotations:
D:8 Grum, Pikel


Innate Abilities, Weirdness & Mutations

Your body is rotting away.
You thrive on raw meat.
You are immune to poison.
You have sharp fingernails.
You are carnivorous and can eat meat at any time.
Your flesh is cold resistant. (rC+)
You are immune to negative energy. (rN+++)
You regenerate slowly when monsters are visible.
You are immune to unholy pain and torment.
You can survive without breathing.


Message History

You feel better.
The orc wizard points at you and mumbles some strange words.
The magic dart hits you! You block the leopard gecko's attack.
You feel better.
The orc wizard hits you but does no damage.
The leopard gecko bites you but does no damage.
You block the orc wizard's attack.
The orc priest invokes the aid of Beogh against you.
Beogh smites you!
* * * LOW HITPOINT WARNING * * *
The orc wizard closely misses you.
The leopard gecko completely misses you.
The leopard gecko misses you.
You are feeling hungry.
The orc priest invokes the aid of Beogh against you.
Beogh smites you!
* * * LOW HITPOINT WARNING * * *
The orc priest mumbles some strange prayers to Beogh against you.
Beogh smites you!
You die...

* # #.#.....##.....# ##
* #..#.#)....##.....##
#. *
#...............)..# #o
* *#%##.#.....##......#
#. ,
#,#.o...##......####.
####.#o...............K.
, ,
....>..l....###.........
*
###.###oo.###*,.........
#.###@### * , ######.#
#..#..#* , #♣♣♣♣♣#.
#.#.## , *#♣....♣##
#...#*, ♣⌠.....♣*,
#..##* *♣._....♣ . #..#
, ♣⌠.....♣## #..#*,, ,
#♣......♣# #..# ,
,,**#♣.....♣# #..# , ,,
*♣.....♣#


You could see an orc priest, 2 orc wizards, an orc and a leopard gecko.

Vanquished Creatures
  Erica (D:8)
  A hornet (D:4)
  A hippogriff (D:7)
  Sigmund (D:2)
  A spriggan (D:7)
  2 ice beasts
  A phantom (D:8)
  A sky beast (D:5)
  A necrophage (D:8)
  3 ogres
  2 wolves
  A centaur (D:5)
  6 bullfrogs
  A scorpion (D:4)
  4 wights (D:6)
  A bullfrog zombie (D:5)
  3 crimson imps
  4 orc priests
  Crazy Yiuf (D:3)
  2 hounds
  3 bullfrog skeletons
  Jessica (D:2)
  3 iguanas
  9 worker ants
  An orc wizard (D:3)
  A killer bee zombie (D:5)
  A hound skeleton (D:8)
  A howler monkey skeleton (D:6)
  14 adders
  A river rat (D:3)
  2 shadow imps (D:5)
  11 oozes
  An adder zombie (D:5)
  2 adder skeletons (D:4)
  8 worms
  3 dart slugs
  14 leopard geckos
  9 orcs
  15 giant cockroaches
  9 goblins
  9 hobgoblins
  5 jackals
  4 quokkas
  20 ball pythons
  A ball python skeleton (D:5)
  7 bats
  10 frilled lizards
  10 kobolds
  A leopard gecko skeleton (D:4)
  15 rats
  A fungus (D:3)
230 creatures vanquished.

Vanquished Creatures (collateral kills)
  A worker ant zombie (D:6)
1 creature vanquished.

Grand Total: 231 creatures vanquished

Notes
Turn   | Place    | Note
-------+----------+-------------------------------------------
     0 | D:1      | KristoblXynda the Ghoul Monk began the quest for the Orb.
     0 | D:1      | Reached XP level 1. HP: 19/19 MP: 0/0
   307 | D:1      | Reached XP level 2. HP: 26/26 MP: 1/1
   632 | D:2      | Reached XP level 3. HP: 31/31 MP: 2/2
   650 | D:2      | Found an opulent altar of Gozag.
   692 | D:2      | Reached skill level 1 in Armour
   695 | D:2      | Reached skill level 4 in Unarmed Combat
   709 | D:2      | Reached skill level 1 in Shields
   755 | D:2      | Upgraded the game from 0.20-a0-267-g4a7ec2a to 0.20-a0-268-gb6bde61
  1064 | D:2      | Reached XP level 4. HP: 35/38 MP: 3/3
  1188 | D:2      | Found a deep blue altar of Sif Muna.
  1234 | D:2      | Noticed Sigmund
  1255 | D:2      | Killed Sigmund
  1255 | D:2      | Reached skill level 5 in Unarmed Combat
  1255 | D:2      | Reached XP level 5. HP: 18/45 MP: 4/4
  1255 | D:2      | Reached XP level 6. HP: 20/51 MP: 5/5
  1624 | D:2      | Noticed Jessica
  1630 | D:2      | Killed Jessica
  2297 | D:3      | Noticed an ice beast
  2310 | D:3      | Killed an ice beast
  2525 | D:3      | Reached XP level 7. HP: 38/57 MP: 6/6
  2578 | D:3      | Found a glowing drain.
  2600 | Sewer    | Entered a sewer
  2830 | Sewer    | Reached skill level 6 in Unarmed Combat
  3303 | D:3      | Found a runed door.
  3307 | D:3      | Noticed Crazy Yiuf
  3315 | D:3      | Killed Crazy Yiuf
  3366 | D:3      | Reached skill level 7 in Unarmed Combat
  3496 | D:4      | Found a shattered altar of Ashenzari.
  3505 | D:4      | Became a worshipper of Ashenzari the Shackled
  3505 | D:4      | Reached * piety under Ashenzari
  3505 | D:4      | Reached ** piety under Ashenzari
  3532 | D:4      | Noticed a hornet
  3543 | D:4      | Killed a hornet
  3543 | D:4      | Reached XP level 8. HP: 43/63 MP: 7/7
  4010 | D:4      | Found a sacrificial altar of Ru.
  4021 | D:4      | Reached skill level 8 in Unarmed Combat
  4199 | D:5      | Entered Level 5 of the Dungeon
  4272 | D:5      | Found a shadowy altar of Dithmenos.
  4393 | D:5      | Reached skill level 5 in Dodging
  4526 | D:5      | Reached XP level 9. HP: 69/70 MP: 8/8
  4577 | D:5      | Reached skill level 9 in Unarmed Combat
  4797 | D:6      | Found a staircase to the Ecumenical Temple.
  4813 | Temple   | Entered the Ecumenical Temple
  5155 | D:6      | Identified the +0 leather armour of Valiance {rC+++ rCorr Int-2}
  5694 | D:7      | Reached *** piety under Ashenzari
  5791 | D:7      | Found an ancient bone altar of Kikubaaqudgha.
  5835 | D:7      | Reached skill level 5 in Stealth
  5974 | D:7      | Reached skill level 5 in Shields
  6295 | D:8      | Noticed Grum
  6295 | D:8      | Reached skill level 10 in Unarmed Combat
  6301 | D:8      | Noticed Pikel
  6628 | D:8      | Found a white marble altar of Elyvilon.
  6670 | D:8      | Noticed Erica
  6691 | D:8      | Reached XP level 10. HP: 48/77 MP: 9/9
  6698 | D:8      | Killed Erica
  6741 | D:8      | HP: 2/77 [orc priest/divine providence (11)]
  6742 | D:8      | Killed from afar by an orc priest

Vault maps used:
D:1:      dpeg_arrival_tiny_k, serial_bayou_lagoon_b
D:2:      wad_river_or_something, grunt_gozag_statues,
          nicolae_overflow_crystal_walls, kennysheep_generic_room_14,
          uniq_sigmund, uniq_jessica
D:3:      portal_sewer_entry_e, uniq_crazy_yiuf_cottage
D:4:      minmay_diamond_boxcup, nicolae_ru_sacrificial_ziggurat,
          evilmike_ruin_ashenzari
D:5:      nicolae_dithmenos_the_darkroom, first_bread, feat_on_display
D:7:      marbit_many_paths, the_bakery
D:8:      kennysheep_ying_yang, lemuel_doored_altar, uniq_erica, uniq_grum,
          uniq_pikel
Temple:   kb_corrupted_temple
Sewer:    sewer_frog_island_02

Skill      XL: |  1  2  3  4  5  6  7  8  9 10 |
---------------+-------------------------------+-----
Armour         | 1 2 |  2.6
Unarmed Combat | 4 5 7 8 10 | 10.5
Shields        | 1 2 3 4 5 6 |  6.1
Dodging        | 3 5 6 |  6.1
Stealth        | 3 6 7 |  7.3
Fighting       | |  3.2

Action                   |  1- 3 |  4- 6 |  7- 9 | 10-12 || total
-------------------------+-------+-------+-------+-------++-------
Melee: Unarmed           |   100 |   166 |   513 |    13 ||   792
       Punch             |     1 |     2 |       |       ||     3
Invok: Curse Item        |       |       |     4 |       ||     4
Evoke: Wand              |       |       |     4 |     1 ||     5
  Use: Scroll            |       |    10 |    12 |       ||    22
       Potion            |       |     1 |     2 |     2 ||     5
 Stab: Sleeping          |     2 |     1 |     9 |       ||    12
       Distracted        |       |       |     1 |       ||     1
  Eat: Chunk             |     5 |     6 |    15 |       ||    26
Armor: Robe              |     4 |    12 |    89 |     5 ||   110
       Ring mail         |    28 |    19 |       |       ||    47
Dodge: Dodged            |    43 |    90 |   332 |     4 ||   469
Block: Buckler           |       |     5 |    79 |       ||    84
       Shield            |       |       |    57 |     6 ||    63
